| TOP OF THE 1ST |
|
Salinas Fire Frogs batting - Pitching for Stockton Mariners : RHP Joe McClain
|
|
Pitching: RHP Joe McClain
|
|
|
Batting: RHB Bobby Morin
|
0-0: Ball 1-0: Called Strike 1-1: Foul Ball, location: 2F 1-2: SINGLE (Groundball, 4MD, EV 97.5 MPH)
|
|
Batting: RHB Carlos Urias
|
0-0: Called Strike 0-1: DOUBLE (Flyball, 78D, EV 106.9 MPH) Bobby Morin to third
|
|
Batting: RHB Marlin McPhail
|
0-0: Called Strike 0-1: Fly out, F8 (Flyball, 8LD, EV 85.6 MPH) Runner from 3rd tags up, SCORES, throw by CF
|
|
Batting: RHB Bruce Morrison
|
0-0: Ball 1-0: Swinging Strike 1-1: Foul Ball, location: 2F 1-2: Ground out 3-1 (Groundball, 34, EV 86.3 MPH) Carlos Urias to third
|
|
Batting: LHB Daryl Pitts
|
0-0: Called Strike 0-1: Ball 1-1: Ball 2-1: Called Strike 2-2: Foul Ball, location: 2F 2-2: Ground out 4-3 (Groundball, 4MS, EV 88.1 MPH)
|
| Top of the 1st over - 1 run, 2 hits, 0 errors, 1 left on base; Salinas 1 - Stockton 0 |
| BOTTOM OF THE 1ST |
|
Stockton Mariners batting - Pitching for Salinas Fire Frogs : RHP Francisco Baeza
|
|
Pitching: RHP Francisco Baeza
|
|
|
Batting: LHB Harold Perkins
|
0-0: Swinging Strike 0-1: Called Strike 0-2: Ball 1-2: Fly out, F6 (Line Drive, 6, EV 69.4 MPH)
|
|
Batting: LHB Ricky Nelson
|
0-0: Fly out, F9 (Line Drive, 9, EV 84.4 MPH)
|
|
Batting: LHB Marvin Ward
|
0-0: Ball 1-0: Ball 2-0: Ball 3-0: Called Strike 3-1: Foul Ball, location: 2F 3-2: Foul Ball, location: 2F 3-2: Foul Ball, location: 2F 3-2: Fly out, F8 (Flyball, 8RD, EV 107.5 MPH)
|
| Bottom of the 1st over - 0 runs, 0 hits, 0 errors, 0 left on base; Salinas 1 - Stockton 0 |
| TOP OF THE 2ND |
|
Salinas Fire Frogs batting - Pitching for Stockton Mariners : RHP Joe McClain
|
|
Batting: RHB Fernando Olivero
|
0-0: Called Strike 0-1: Ball 1-1: Foul Ball, location: 2F 1-2: SINGLE (Flyball, 3D, EV 94.4 MPH)
|
|
Batting: RHB Jordan Chavez
|
0-0: Called Strike 0-1: Ball 1-1: Swinging Strike 1-2: Ball Wild Pitch! Fernando Olivero to second 2-2: Foul Ball, location: 2F 2-2: Fly out, F7 (Line Drive, 7D, EV 91.3 MPH) Runner from 2nd tags up, SAFE at 3rd with throw by LF
|
|
Batting: LHB Charles McGehee
|
0-0: Ball 1-0: Foul Ball, location: 2F 1-1: Ball 2-1: DOUBLE (Flyball, 8LXD, EV 111.3 MPH) Fernando Olivero scores
|
|
Batting: RHB Roderick Shepard
|
0-0: Swinging Strike 0-1: Ball 1-1: Ball 2-1: SINGLE (Groundball, 6MD, EV 107.5 MPH) Charles McGehee to third Runner from 3rd tries for Home, SAFE, throw by CF to home
|
|
Batting: RHB Bobby Morin
|
0-0: Fly out, F3 (Popup, 34, EV 73.8 MPH)
|
|
Batting: RHB Carlos Urias
|
0-0: Fly out, F8 (Flyball, 8LD, EV 102.5 MPH)
|
| Top of the 2nd over - 2 runs, 3 hits, 0 errors, 1 left on base; Salinas 3 - Stockton 0 |
| BOTTOM OF THE 2ND |
|
Stockton Mariners batting - Pitching for Salinas Fire Frogs : RHP Francisco Baeza
|
|
Batting: LHB David Cawthon
|
0-0: SINGLE (Groundball, 4MD, EV 108.8 MPH)
|
|
Batting: LHB Joe Perna
|
0-0: Ball 1-0: Called Strike 1-1: Ball 2-1: Ground out 6-3 (Groundball, 6M, EV 76.3 MPH) David Cawthon to second
|
|
Batting: SHB Eddie Tanner
|
0-0: Ball 1-0: Ball 2-0: Swinging Strike 2-1: Called Strike 2-2: Ball 3-2: Foul Ball, location: 2F 3-2: Base on Balls
|
|
Batting: RHB Orlando Mercado
|
0-0: Ball 1-0: DOUBLE (Line Drive, 8LXD, EV 106.3 MPH) David Cawthon scores Eddie Tanner to third
|
|
Batting: LHB Victor Gavidia
|
0-0: Called Strike 0-1: Ground out 6-3 (Groundball, 6M, EV 108.8 MPH) Eddie Tanner scores Orlando Mercado to third
|
|
Batting: RHB Brian Greer
|
0-0: Ball 1-0: Ball 2-0: Called Strike 2-1: Fly out, F8 (Flyball, 8LS, EV 93.8 MPH)
|
| Bottom of the 2nd over - 2 runs, 2 hits, 0 errors, 1 left on base; Salinas 3 - Stockton 2 |
| TOP OF THE 3RD |
|
Salinas Fire Frogs batting - Pitching for Stockton Mariners : RHP Joe McClain
|
|
Batting: RHB Marlin McPhail
|
0-0: Ball 1-0: Swinging Strike 1-1: Foul Ball, location: 2F 1-2: Strikes out swinging
|
|
Batting: RHB Bruce Morrison
|
0-0: Ball 1-0: Called Strike 1-1: Ball 2-1: SINGLE (Line Drive, 78S, EV 106.3 MPH)
|
|
Batting: LHB Daryl Pitts
|
0-0: Ball 1-0: Foul Ball, location: 2F 1-1: Ball 2-1: Swinging Strike 2-2: Ball 3-2: SINGLE (Line Drive, 9S, EV 87.5 MPH) Bruce Morrison to second Bruce Morrison to third
|
|
Batting: RHB Fernando Olivero
|
0-0: SINGLE (Groundball, 5S, EV 67.5 MPH) (infield hit) Bruce Morrison scores Daryl Pitts to second
|
|
Batting: RHB Jordan Chavez
|
0-0: Swinging Strike 0-1: Ball 1-1: Fielders Choice at 2nd, 5-4 (Groundball, 56S, EV 93.8 MPH) Daryl Pitts to third
|
|
Batting: LHB Charles McGehee
|
0-0: Ball 1-0: Called Strike 1-1: Called Strike 1-2: Foul Ball, location: 2F 1-2: Foul Ball, location: 2F 1-2: Ball 2-2: Foul Ball, location: 2F 2-2: Foul Ball, location: 2F 2-2: Foul Ball, location: 2F 2-2: Ball 3-2: Foul Ball, location: 2F 3-2: Base on Balls Jordan Chavez to second
|
|
Batting: RHB Roderick Shepard
|
0-0: Called Strike 0-1: Ball 1-1: SINGLE (Groundball, 4MD, EV 104.4 MPH) Daryl Pitts scores Jordan Chavez to third Charles McGehee to second Runner from 3rd tries for Home, SAFE, throw by CF to home
|
|
Pitching: RHP Steve Green
|
|
|
Batting: RHB Bobby Morin
|
0-0: DOUBLE (Line Drive, 89M, EV 95.6 MPH) Charles McGehee scores Roderick Shepard to third
|
|
Batting: RHB Carlos Urias
|
0-0: Foul Ball, location: 2F 0-1: Ball 1-1: Ball 2-1: Called Strike 2-2: Ground out 4-3 (Groundball, 4, EV 85.6 MPH)
|
| Top of the 3rd over - 4 runs, 5 hits, 0 errors, 2 left on base; Salinas 7 - Stockton 2 |
| BOTTOM OF THE 3RD |
|
Stockton Mariners batting - Pitching for Salinas Fire Frogs : RHP Francisco Baeza
|
|
Batting: LHB Harold Perkins
|
0-0: Ball 1-0: SINGLE (Groundball, 3S, EV 74.4 MPH) (infield hit)
|
|
Batting: LHB Ricky Nelson
|
0-0: Called Strike 0-1: Swinging Strike 0-2: Fielders Choice at 2nd, 3-6 (Groundball, 3, EV 86.3 MPH)
|
|
Batting: LHB Marvin Ward
|
0-0: Called Strike 0-1: Ball 1-1: Foul Ball, location: 2F 1-2: Ball Wild Pitch! Ricky Nelson to second 2-2: Ground out 6-3 (Groundball, 6, EV 87.5 MPH) Ricky Nelson to third
|
|
Batting: LHB David Cawthon
|
0-0: Ball 1-0: Swinging Strike 1-1: Ground out U3 (Groundball, 3L, EV 78.8 MPH)
|
| Bottom of the 3rd over - 0 runs, 1 hit, 0 errors, 1 left on base; Salinas 7 - Stockton 2 |
| TOP OF THE 4TH |
|
Salinas Fire Frogs batting - Pitching for Stockton Mariners : RHP Steve Green
|
|
Batting: RHB Marlin McPhail
|
0-0: Ball 1-0: Ball 2-0: Called Strike 2-1: Foul Ball, location: 2F 2-2: Fly out, F4 (Popup, 23, EV 80.0 MPH)
|
|
Batting: RHB Bruce Morrison
|
0-0: Ball 1-0: Ball 2-0: Called Strike 2-1: SINGLE (Flyball, 6D, EV 87.5 MPH)
|
|
Batting: LHB Daryl Pitts
|
0-0: Grounds into double play, 4-6-3 (Groundball, 4, EV 98.1 MPH)
|
| Top of the 4th over - 0 runs, 1 hit, 0 errors, 0 left on base; Salinas 7 - Stockton 2 |
| BOTTOM OF THE 4TH |
|
Stockton Mariners batting - Pitching for Salinas Fire Frogs : RHP Francisco Baeza
|
|
Batting: LHB Joe Perna
|
0-0: Called Strike 0-1: Ball 1-1: Foul Ball, location: 2F 1-2: Ground out 5-3 (Groundball, 56, EV 100.0 MPH)
|
|
Batting: SHB Eddie Tanner
|
0-0: Called Strike 0-1: Ball 1-1: Swinging Strike 1-2: DOUBLE (Flyball, 7LD, EV 96.3 MPH)
|
|
Batting: RHB Orlando Mercado
|
0-0: Called Strike 0-1: Ball 1-1: Ball 2-1: Called Strike 2-2: Ball 3-2: Base on Balls
|
|
Batting: LHB Victor Gavidia
|
0-0: SINGLE (Line Drive, 9LS, EV 104.4 MPH) Eddie Tanner to third Orlando Mercado to second Runner from 3rd tries for Home, SAFE, throw by RF to home
|
|
Batting: RHB Brian Greer
|
0-0: Ball 1-0: Foul Ball, location: 2F 1-1: Called Strike 1-2: Foul Ball, location: 2F 1-2: Foul Ball, location: 2F 1-2: Ball 2-2: Ball 3-2: Grounds into double play, 5-4-3 (Groundball, 56, EV 81.9 MPH)
|
| Bottom of the 4th over - 1 run, 2 hits, 0 errors, 1 left on base; Salinas 7 - Stockton 3 |
| TOP OF THE 5TH |
|
Salinas Fire Frogs batting - Pitching for Stockton Mariners : RHP Steve Green
|
|
Batting: RHB Fernando Olivero
|
0-0: Fly out, F8 (Line Drive, 8RD, EV 92.5 MPH)
|
|
Batting: RHB Jordan Chavez
|
0-0: Called Strike 0-1: Ground out 6-3 (Groundball, 6, EV 81.3 MPH)
|
|
Batting: LHB Charles McGehee
|
0-0: Ground out U3 (Groundball, 34, EV 83.1 MPH)
|
| Top of the 5th over - 0 runs, 0 hits, 0 errors, 0 left on base; Salinas 7 - Stockton 3 |
| BOTTOM OF THE 5TH |
|
Stockton Mariners batting - Pitching for Salinas Fire Frogs : RHP Francisco Baeza
|
|
Batting: LHB Harold Perkins
|
0-0: Ball 1-0: Ball 2-0: Ball 3-0: Base on Balls
|
|
Batting: LHB Ricky Nelson
|
0-0: SINGLE (Line Drive, 89S, EV 97.5 MPH) Harold Perkins to second Runner from 2nd tries for 3rd, SAFE, no throw by RF
|
|
Batting: LHB Marvin Ward
|
0-0: Ball 1-0: Ball 2-0: Foul Ball, location: 2F 2-1: Fielders Choice at 2nd, 3-6 (Groundball, 3, EV 86.9 MPH) Harold Perkins scores
|
|
Batting: LHB David Cawthon
|
0-0: Called Strike 0-1: Fly out, F7 (Flyball, 7, EV 80.0 MPH)
|
|
Batting: LHB Joe Perna
|
0-0: Ball 1-0: Foul Ball, location: 2F 1-1: Ball 2-1: Ball 3-1: Foul Ball, location: 2F 3-2: Foul Ball, location: 2F 3-2: Foul Ball, location: 2F 3-2: Ground out 4-3 (Groundball, 4M, EV 100.0 MPH)
|
| Bottom of the 5th over - 1 run, 1 hit, 0 errors, 1 left on base; Salinas 7 - Stockton 4 |
| TOP OF THE 6TH |
|
Salinas Fire Frogs batting - Pitching for Stockton Mariners : RHP Steve Green
|
|
Batting: RHB Roderick Shepard
|
0-0: Ball 1-0: Foul Ball, location: 2F 1-1: Ball 2-1: Foul Ball, location: 2F 2-2: Strikes out looking
|
|
Batting: RHB Bobby Morin
|
0-0: Ball 1-0: Called Strike 1-1: Ball 2-1: Ball 3-1: SINGLE (Line Drive, 89M, EV 105.0 MPH)
|
|
Batting: RHB Carlos Urias
|
0-0: DOUBLE (Line Drive, 7LD, EV 106.3 MPH) Bobby Morin to third Runner from 3rd tries for Home, SAFE, throw by LF to home
|
|
Batting: RHB Marlin McPhail
|
0-0: Ball 1-0: Ground out 6-3 (Groundball, 56, EV 105.6 MPH)
|
|
Batting: RHB Bruce Morrison
|
0-0: Swinging Strike 0-1: Ball 1-1: Ball 2-1: Foul Ball, location: 2F 2-2: Foul Ball, location: 2F 2-2: Ball 3-2: Foul Ball, location: 2F 3-2: SINGLE (Groundball, 6MD, EV 101.3 MPH) Carlos Urias to third Carlos Urias scores
|
|
Batting: LHB Daryl Pitts
|
0-0: Called Strike 0-1: Ball 1-1: TRIPLE (Line Drive, 78XD, EV 103.1 MPH) Bruce Morrison scores
|
|
Batting: RHB Fernando Olivero
|
0-0: Ball 1-0: Foul Ball, location: 2F 1-1: Ball 2-1: Fly out, F8 (Line Drive, 8RD, EV 85.6 MPH)
|
| Top of the 6th over - 3 runs, 4 hits, 0 errors, 1 left on base; Salinas 10 - Stockton 4 |
| BOTTOM OF THE 6TH |
|
Stockton Mariners batting - Pitching for Salinas Fire Frogs : RHP Francisco Baeza
|
|
Batting: SHB Eddie Tanner
|
0-0: Called Strike 0-1: Fly out, F5 (Popup, 5SF, EV 80.6 MPH)
|
|
Batting: RHB Orlando Mercado
|
0-0: Ball 1-0: Called Strike 1-1: Ball 2-1: Swinging Strike 2-2: Ball 3-2: Foul Ball, location: 2F 3-2: Reached via error on a dropped throw from 1B, E1 (Groundball, 34, EV 88.8 MPH)
|
|
Batting: LHB Victor Gavidia
|
0-0: Called Strike Passed Ball! Orlando Mercado to second 0-1: Ball 1-1: Ball 2-1: Ball 3-1: Called Strike 3-2: Fly out, F4 (Line Drive, 4, EV 71.3 MPH)
|
|
Batting: RHB Brian Greer
|
0-0: Foul Ball, location: 2F 0-1: Ball 1-1: Ball 2-1: Ground out 5-3 (Groundball, 56, EV 90.0 MPH)
|
| Bottom of the 6th over - 0 runs, 0 hits, 1 error, 1 left on base; Salinas 10 - Stockton 4 |
| TOP OF THE 7TH |
|
Salinas Fire Frogs batting - Pitching for Stockton Mariners : RHP Steve Green
|
|
Batting: RHB Jordan Chavez
|
0-0: Foul Ball, location: 2F 0-1: Called Strike 0-2: Foul Ball, location: 2F 0-2: Ball 1-2: Ball 2-2: Foul Ball, location: 2F 2-2: Fly out, F9 (Flyball, 89M, EV 80.6 MPH)
|
|
Batting: LHB Charles McGehee
|
0-0: Foul Ball, location: 2F 0-1: Ball 1-1: Fly out, F8 (Flyball, 89S, EV 86.3 MPH)
|
|
Batting: RHB Roderick Shepard
|
0-0: Ball 1-0: Foul Ball, location: 2F 1-1: Ground out 6-3 (Groundball, 6D, EV 98.1 MPH)
|
| Top of the 7th over - 0 runs, 0 hits, 0 errors, 0 left on base; Salinas 10 - Stockton 4 |
| BOTTOM OF THE 7TH |
|
Stockton Mariners batting - Pitching for Salinas Fire Frogs : RHP Francisco Baeza
|
|
Batting: LHB Harold Perkins
|
0-0: Called Strike 0-1: Foul Ball, location: 5F, Error on foul ball, E5 0-2: Ball 1-2: Ball 2-2: Ball 3-2: Fly out, F9 (Flyball, 89M, EV 87.5 MPH)
|
|
Batting: LHB Ricky Nelson
|
0-0: Ball 1-0: Ball 2-0: Ground out 3-1 (Groundball, 34, EV 99.4 MPH)
|
|
Batting: LHB Marvin Ward
|
0-0: Foul Ball, location: 2F 0-1: SINGLE (Flyball, 56D, EV 96.9 MPH)
|
|
Batting: LHB David Cawthon
|
0-0: Ball 1-0: Ground out U3 (Groundball, 3, EV 81.3 MPH)
|
| Bottom of the 7th over - 0 runs, 1 hit, 1 error, 1 left on base; Salinas 10 - Stockton 4 |
| TOP OF THE 8TH |
|
Salinas Fire Frogs batting - Pitching for Stockton Mariners : RHP Steve Green
|
|
Batting: RHB Bobby Morin
|
0-0: Ball 1-0: Called Strike 1-1: Ball 2-1: Called Strike 2-2: DOUBLE (Line Drive, 7LS, EV 88.1 MPH)
|
|
Pitching: RHP Dean Martinez
|
|
|
Batting: RHB Carlos Urias
|
0-0: Ball 1-0: Ball 2-0: Foul Ball, location: 2F 2-1: Ball 3-1: SINGLE (Line Drive, 7LS, EV 107.5 MPH) Bobby Morin to third
|
|
Batting: RHB Marlin McPhail
|
0-0: Ball 1-0: Foul Ball, location: 2F 1-1: Called Strike 1-2: Ball 2-2: SINGLE (Line Drive, 7LS, EV 111.9 MPH) Bobby Morin scores Carlos Urias to second
|
|
Batting: RHB Bruce Morrison
|
0-0: Called Strike 0-1: Ball 1-1: Ball 2-1: Ball 3-1: Base on Balls Carlos Urias to third Marlin McPhail to second
|
|
Batting: LHB Daryl Pitts
|
0-0: Fly out, F7 (Flyball, 7D, EV 98.1 MPH)
|
|
Pinch Hitting: RHB Richard Doss
|
0-0: Ball 1-0: Fly out, F7 (Flyball, 78S, EV 81.9 MPH)
|
|
Batting: RHB Jordan Chavez
|
0-0: Swinging Strike 0-1: Ball 1-1: Foul Ball, location: 2F 1-2: Ball 2-2: Ground out 5-3 (Groundball, 56S, EV 83.8 MPH)
|
| Top of the 8th over - 1 run, 3 hits, 0 errors, 3 left on base; Salinas 11 - Stockton 4 |
| BOTTOM OF THE 8TH |
|
Stockton Mariners batting - Pitching for Salinas Fire Frogs : RHP Francisco Baeza
|
|
Now at 3B: Richard Doss
|
|
|
Batting: LHB Joe Perna
|
0-0: Called Strike 0-1: Ball 1-1: Ball 2-1: Ball 3-1: Foul Ball, location: 2F 3-2: Base on Balls
|
|
Pinch Hitting: RHB Frederick Lagergren
|
0-0: Ball 1-0: Ball 2-0: Fly out, F7 (Flyball, 78S, EV 91.3 MPH)
|
|
Batting: RHB Orlando Mercado
|
0-0: Foul Ball, location: 2F 0-1: Foul Ball, location: 2F 0-2: Fly out, F7 (Flyball, 7LM, EV 86.3 MPH)
|
|
Pinch Hitting: RHB Robert Silverman
|
0-0: Fielders Choice at 2nd, 6-4 (Groundball, 6, EV 88.8 MPH)
|
| Bottom of the 8th over - 0 runs, 0 hits, 0 errors, 1 left on base; Salinas 11 - Stockton 4 |
| TOP OF THE 9TH |
|
Salinas Fire Frogs batting - Pitching for Stockton Mariners : RHP Dean Martinez
|
|
Now at 3B: Robert Silverman
|
|
|
Now at SS: William Butler
|
|
|
Batting: LHB Charles McGehee
|
0-0: Called Strike 0-1: Ball 1-1: Foul Ball, location: 2F 1-2: Foul Ball, location: 2F 1-2: SINGLE (Groundball, 4MD, EV 95.0 MPH)
|
|
Batting: RHB Roderick Shepard
|
0-0: Ball Charles McGehee steals 2nd base 1-0: Called Strike 1-1: Called Strike 1-2: Strikes out swinging
|
|
Batting: RHB Bobby Morin
|
0-0: Ball 1-0: Ball 2-0: Called Strike 2-1: Swinging Strike 2-2: Ball 3-2: Base on Balls
|
|
Batting: RHB Carlos Urias
|
0-0: 3-RUN HOME RUN (Line Drive, 7D, EV 103.1 MPH), Distance : 398 ft
|
|
Batting: RHB Marlin McPhail
|
0-0: Ball 1-0: Called Strike 1-1: Ground out 4-3 (Groundball, 4, EV 101.3 MPH)
|
|
Batting: RHB Bruce Morrison
|
0-0: Fly out, F3 (Flyball, 3D, EV 76.9 MPH)
|
| Top of the 9th over - 3 runs, 2 hits, 0 errors, 0 left on base; Salinas 14 - Stockton 4 |
| BOTTOM OF THE 9TH |
|
Stockton Mariners batting - Pitching for Salinas Fire Frogs : RHP Francisco Baeza
|
|
Batting: RHB Brian Greer
|
0-0: Called Strike 0-1: Ball 1-1: SOLO HOME RUN (Flyball, 78XD, EV 95.6 MPH), Distance : 425 ft
|
|
Batting: LHB Harold Perkins
|
0-0: Ball 1-0: Ball 2-0: Foul Ball, location: 2F 2-1: Foul Ball, location: 2F 2-2: Foul Ball, location: 2F 2-2: Foul Ball, location: 2F 2-2: SINGLE (Flyball, 56D, EV 96.9 MPH)
|
|
Batting: LHB Ricky Nelson
|
0-0: Grounds into double play, 4-6-3 (Groundball, 4, EV 105.6 MPH)
|
|
Batting: LHB Marvin Ward
|
0-0: Ground out 6-3 (Groundball, 6, EV 87.5 MPH)
|
| Bottom of the 9th over - 1 run, 2 hits, 0 errors, 0 left on base; Salinas 14 - Stockton 5 |
|